 Dungeon Crawl Stone Soup version 0.28-a0-969-g2dcde036d2 (webtiles) character file.

Game seed: 6062716150876030395

1183 BinkBink the Slicer (level 8, -7/70 HPs)
             Began as a Minotaur Monk on Dec 1, 2021.
             Was a High Priest of Cheibriados.
             Mangled by a gnoll (11 damage)
             ... on level 6 of the Dungeon.
             The game lasted 00:09:01 (4079 turns).

BinkBink the Slicer (Minotaur Monk)                 Turns: 4079, Time: 00:09:02

Health: -7/70      AC:  2    Str: 29    XL:     8   Next: 19%
Magic:  7/7        EV: 16    Int: 19    God:    Cheibriados [*****.]
Gold:   187        SH:  0    Dex: 26    Spells: 7/7 levels left

rFire   . . .      SeeInvis .   a - +0 short sword
rCold   . . .      Faith    .   (no shield)
rNeg    . . .      Spirit   .   b - +0 robe
rPois   .          Reflect  .   (helmet restricted)
rElec   .          Harm     .   (no cloak)
rCorr   .          Rampage  .   (no gloves)
Will    .....                   (no boots)
Stlth   +++.......              (no amulet)
HPRegen 0.21/turn               (no ring)
MPRegen 0.10/turn               (no ring)

@: very slow
A: horns 2, retaliatory headbutt
a: Renounce Religion, Bend Time, Temporal Distortion, Slouch, Step From Time


You were on level 6 of the Dungeon.
You worshipped Cheibriados.
Cheibriados was extremely pleased with you.
You visited 1 branch of the dungeon, and saw 6 of its levels.

You collected 187 gold pieces.

Inventory:

Hand Weapons
 a - a +0 short sword (weapon)
Armour
 b - a +0 robe (worn)
 o - a +0 plate armour
 t - a +0 pair of gloves
Magical Staves
 g - a staff of earth
Jewellery
 d - an amulet of faith
 p - a ring of protection from fire
 u - a ring of willpower
Scrolls
 e - 3 scrolls of identify
 j - a scroll of acquirement
 k - a scroll of holy word {unknown}
 l - a scroll of fear {unknown}
 n - a scroll of enchant armour {unknown}
 r - a scroll of silence {unknown}
Potions
 f - 2 potions of berserk rage {unknown}
 h - 2 potions of flight {unknown}
 i - 5 potions of curing
 m - a potion of haste {unknown}
 q - a potion of ambrosia {unknown}
 s - a potion of cancellation {unknown}
 v - a potion of brilliance {unknown}


   Skills:
 + Level 6.2 Fighting
 + Level 8.1 Short Blades
 * Level 4.5 Armour
 + Level 5.3 Dodging
 - Level 1.5 Stealth


You had 7 spell levels left.
You didn't know any spells.
Your spell library contained the following spells:

 Spells                   Type           Power      Damage    Failure   Level
 Magic Dart               Conj           0%         1d3       21%         1
 Sandblast                Erth           0%         2d4       21%         1
 Call Imp                 Summ           0%         N/A       30%         2
 Ensorcelled Hibernation  Hex/Ice        0%         N/A       30%         2
 Passwall                 Tmut/Erth      0%         N/A       30%         2
 Mephitic Cloud           Conj/Pois/Air  0%         N/A       52%         3
 Ozocubu's Armour         Ice            0%         N/A       52%         3
 Stone Arrow              Conj/Erth      0%         3d7       52%         3
 Tukima's Dance           Hex            0%         N/A       52%         3
 Ozocubu's Refrigeration  Ice            0%         4d5       100%        7


Dungeon Overview and Level Annotations

Branches:
Dungeon (7/15)             Temple (0/1) D:4

Altars:
Cheibriados
Nemelex Xobeh
Qazlal
Uskayaw
Vehumet
Xom
Yredelemnul

Shops:
D:2 *   D:3 ((

Annotations:
D:4 1 runed translucent door, bgiannan's ghost, amateur GrFi


Innate Abilities, Weirdness & Mutations

You have a pair of horns on your head.
You reflexively headbutt those who attack you in melee.


Message History

You hit the necrophage but do no damage.
The necrophage is almost destroyed.
The necrophage barely misses you.
You barely miss the necrophage. You headbutt the necrophage.
You destroy the necrophage!
Cheibriados thoroughly appreciates the change of pace.
Cheibriados raises the support of your attributes as your movement slows.
Your life force feels restored.
Your Short Blades skill increases to level 8!
A gnoll sergeant comes into view. It is wielding a +0 spear.
A gnoll comes into view. It is wielding a +0 halberd.
The gnoll sergeant hits you with a +0 spear.
The gnoll shouts!
You hit the gnoll sergeant. You headbutt the gnoll sergeant!
The gnoll sergeant is moderately wounded.
The gnoll sergeant hits you with a +0 spear!
* * * LOW HITPOINT WARNING * * *
It was a potion of curing.
You feel better. The gnoll sergeant misses you. You furiously retaliate!
You headbutt the gnoll sergeant.
You hit the gnoll sergeant but do no damage.
You headbutt the gnoll sergeant!
The gnoll sergeant is severely wounded.
The gnoll sergeant hits you with a +0 spear!
* * * LOW HITPOINT WARNING * * *
You feel better. The gnoll sergeant closely misses you.
The gnoll barely misses you. The gnoll sergeant closely misses you.
The gnoll sergeant barely misses you.
There is an open door here.
As you read the scroll labelled CELUHIOZUET, it crumbles to dust.
It is a scroll of identify.
j - a scroll of acquirement The gnoll sergeant misses you.
The gnoll sergeant barely misses you.
You see here a necrophage corpse.
The gnoll hits you from afar with a +0 halberd!
* * * LOW HITPOINT WARNING * * *
The gnoll sergeant hits you with a +0 spear.
* * * LOW HITPOINT WARNING * * *
The gnoll hits you from afar with a +0 halberd!
You die...

#....### #...(..# ##
#......####.#.#
...._..(.......
##......###.#..
#......# ..# ####### #
###....# #.8 #.#.#.#.#
#.####
#.###'#'#'#'#'#+# #
#.## #.gg@††.))..$...#
# #..#
#.###'#'#'#'#'#+#
#####.#######.8##.#.#.#
#
..............#########
###############


You could see a gnoll sergeant and a gnoll.

Vanquished Creatures
  Grinder (D:6)
  3 necrophages (D:6)
  2 scorpions (D:7)
  2 water moccasin zombies (D:6)
  2 wights (D:6)
  A howler monkey (D:6)
  2 bullfrog zombies (D:6)
  2 centaur zombies
  A bullfrog skeleton (D:6)
  An iguana (D:4)
  An orc wizard (D:7)
  A howler monkey zombie (D:6)
  6 adders
  3 gnolls (D:4)
  A worm (D:2)
  A dart slug (D:1)
  9 orcs
  A ball python (D:3)
  12 bats
  7 endoplasms
  A giant cockroach (D:2)
  8 goblins
  2 hobgoblins
  9 jackals
  6 kobolds
  2 quokkas (D:1)
  3 frilled lizards
  5 rats
95 creatures vanquished.

Vanquished Creatures (others)
  2 fungi (D:7)
  A plant (D:1)
3 creatures vanquished.

Grand Total: 98 creatures vanquished

Notes
Turn   | Place    | Note
-------+----------+-------------------------------------------
     0 | D:1      | BinkBink the Minotaur Monk began the quest for the Orb.
     0 | D:1      | Reached XP level 1. HP: 19/19 MP: 0/0
   494 | D:1      | Reached XP level 2. HP: 22/27 MP: 1/1
   863 | D:2      | Found a faded altar of an unknown god.
   866 | D:2      | Prayed at the altar of an unknown god.
   866 | D:2      | Became a worshipper of Cheibriados the Contemplative
   866 | D:2      | Reached * piety under Cheibriados
   866 | D:2      | Reached ** piety under Cheibriados
   892 | D:2      | Reached XP level 3. HP: 28/33 MP: 2/2
   982 | D:2      | Reached *** piety under Cheibriados
  1010 | D:2      | Reached skill level 4 in Short Blades
  1322 | D:2      | Reached XP level 4. HP: 31/41 MP: 3/3
  1463 | D:2      | Found a sparkling altar of Nemelex Xobeh.
  1644 | D:2      | Found Eqot's Assorted Antiques.
  1855 | D:3      | Found a radiant altar of Vehumet.
  1859 | D:3      | Found a basalt altar of Yredelemnul.
  1860 | D:3      | Found a stormy altar of Qazlal.
  1860 | D:3      | Found a shimmering altar of Xom.
  2069 | D:3      | Found Toqasusa's Antique Weapon Shop.
  2084 | D:3      | Found Erautan's Weapon Boutique.
  2163 | D:3      | Reached **** piety under Cheibriados
  2479 | D:4      | Noticed an ogre
  2587 | D:4      | Found a runed translucent door.
  2598 | D:4      | Noticed a bullfrog
  2599 | D:4      | Noticed bgiannan's ghost (amateur GrFi)
  2674 | D:4      | Reached skill level 1 in Armour
  2752 | D:4      | Reached XP level 5. HP: 36/47 MP: 4/4
  3015 | D:4      | Found a staircase to the Ecumenical Temple.
  3028 | D:4      | Reached skill level 5 in Short Blades
  3310 | D:4      | You fall into a shaft and drop 3 floors!
  3332 | D:7      | Reached skill level 5 in Fighting
  3332 | D:7      | Reached XP level 6. HP: 51/56 MP: 5/5
  3690 | D:6      | Reached skill level 6 in Short Blades
  3806 | D:6      | Noticed an orc warrior
  3875 | D:6      | Found a hide-covered altar of Uskayaw.
  3887 | D:6      | Noticed Grinder
  3892 | D:6      | Killed Grinder
  3893 | D:6      | Reached XP level 7. HP: 54/61 MP: 6/6
  3926 | D:6      | Reached ***** piety under Cheibriados
  3933 | D:6      | Reached skill level 7 in Short Blades
  3938 | D:6      | Reached skill level 5 in Dodging
  4051 | D:6      | Reached XP level 8. HP: 45/70 MP: 7/7
  4064 | D:6      | Reached skill level 8 in Short Blades
  4077 | D:6      | Identified a scroll of acquirement
  4079 | D:6      | Mangled by a gnoll

Illustrated notes

Levels and vault maps discovered:
D:1:      lemuel_arrival_broad_hall, layout_loops_ring, serial_bayou_ford_a
D:2:      layout_basic, serial_shops, shop, nicolae_ecumenical_pavilion,
          basic_altar, minmay_misc_feat_doors, minmay_pentomino_p2
D:3:      layout_loops_ring, grunt_temple_overflow_open, serial_shops, shop,
          nicolae_shop_advertising_works [nicolae_subvault_shop_adworks],
          grunt_decor_cap
D:4:      layout_loops_ring, minmay_temple_entry_stoned_glass, serial_shops,
          kennysheep_little_box, ebering_ghost_sewer_d,
          hangedman_decor_diamond_cutter
D:6:      cheibrodos_thug_alley, layout_loops_ring,
          nicolae_overflow_crystal_walls, lemuel_mausoleum_altar_kikubaaqudgha,
          nicolae_stop_n_shop_2, uniq_eustachio, uniq_grinder
D:7:      old_forge, layout_basic

Skill      XL: |  1  2  3  4  5  6  7  8 |
---------------+-------------------------+-----
Fighting       | 4 5 6 |  6.2
Short Blades   | 4 5 6 7 8 |  8.1
Dodging        | 4 5 |  5.3
Armour         | 1 2 3 4 |  4.5
Stealth        | |  1.5

Action                   |  1- 3 |  4- 6 |  7- 9 || total
-------------------------+-------+-------+-------++-------
Melee: Short sword       |    73 |    81 |    42 ||   196
       Headbutt          |    10 |    22 |    19 ||    51
  Use: Potion            |       |     2 |     2 ||     4
       Scroll            |       |       |     1 ||     1
 Stab: Sleeping          |     2 |    12 |     3 ||    17
       Distracted        |     1 |       |       ||     1
Armor: Robe              |    13 |    10 |     2 ||    25
Dodge: Dodged            |    49 |    53 |    27 ||   129

Table legend: (Time is in decaauts)
 A = Elapsed time spent in this place.
 B = Non-inter-level travel time spent in this place.
 C = Inter-level travel time spent in this place.
 D = Time resting spent in this place.
 E = Time spent auto-exploring this place.
 F = Levels seen in this place.
 G = Mean time per level.
                   A        B        C        D        E       F      G
               +--------+--------+--------+--------+--------+-----+--------+
         Total |   5387 |   5219 |    168 |      0 |   4171 |   6 |  897.8 |
       Dungeon |   5387 |   5219 |    168 |      0 |   4171 |   6 |  897.8 |
               +--------+--------+--------+--------+--------+-----+--------+

Top non-repeatable levels by time:
     D:3: 1229 daAuts
     D:2: 1214 daAuts
     D:4: 1071 daAuts
     D:1: 866 daAuts
     D:6: 587 daAuts
     D:7: 417 daAuts
